 Dungeon Crawl Stone Soup version 0.21.1-1-g345015f (webtiles) character file.

578 Lilu the Ruffian (level 7, 0/67 HPs)
             Began as a Troll Monk on July 21, 2018.
             Was a Believer of Trog.
             Engulfed by a cloud of freezing vapour (30 damage)
             ... on level 4 of the Dungeon.
             The game lasted 00:23:55 (3288 turns).

Lilu the Ruffian (Troll Monk)                       Turns: 3288, Time: 00:23:55

Health: 0/67       AC:  4    Str: 22    XL:     7   Next: 13%
Magic:  6/6        EV: 11    Int:  6    God:    Trog [**....]
Gold:   262        SH:  0    Dex: 10    Spells: 6/6 levels left

rFire    . . .     SeeInvis .     - Unarmed
rCold    . . .     Gourm    +   (no shield)
rNeg     . . .     Faith    .   a - +0 robe
rPois    +         Spirit   .   (helmet restricted)
rElec    .         Reflect  .   (no cloak)
rCorr    .         Harm     .   (gloves unavailable)
MR       .....                  (boots unavailable)
Stlth    ++........             (no amulet)
HPRegen  0.61/turn              (no ring)
MPRegen  0.10/turn              (no ring)

@: berserk cooldown, slowed, very slow
A: large, unfitting armour, claws 3, clumsy 1, deformed body, fast metabolism 3,
gourmand, poison resistance, regeneration 1, shaggy fur 1, tough skin 2
a: Berserk, Trog's Hand, Burn Spellbooks, Renounce Religion


You were on level 4 of the Dungeon.
You worshipped Trog.
Trog was pleased with you.
You were full.

You visited 1 branch of the dungeon, and saw 4 of its levels.

You collected 262 gold pieces.

Inventory:

Missiles
 f - 145 stones (quivered)
 h - 135 arrows
 l - 88 sling bullets
 q - 5 poisoned needles
Armour
 a - a +0 robe (worn)
Scrolls
 e - a scroll of blinking
 g - 3 scrolls of identify
 j - 3 scrolls of enchant weapon
 o - 3 scrolls of teleportation
 p - a scroll of amnesia
Potions
 c - 2 potions of brilliance
 d - a potion of berserk rage
 i - a potion of flight {unknown}
 k - 3 potions of heal wounds
 m - 3 potions of curing
 n - 2 potions of resistance
Comestibles
 b - 9 rations


   Skills:
 + Level 3.2 Fighting
 + Level 3.6 Dodging
 + Level 1.9 Stealth
 + Level 6.4 Unarmed Combat


You had 6 spell levels left.
You didn't know any spells.

Dungeon Overview and Level Annotations

Branches:
Dungeon (4/15)
 Temple: D:4-7

Altars:
Elyvilon
Nemelex Xobeh
Trog

Portals:
Sewer: D:4

Annotations:
D:4 1 transporter


Innate Abilities, Weirdness & Mutations

You are too large for most types of armour.
You have claws for hands.
Your metabolism is lightning-fast.
You like to eat raw meat.
Your natural rate of healing is unusually fast.
You are covered in fur. (AC +1)
You have very tough skin. (AC +2)
You are clumsy. (Dex -2)
Armour fits poorly on your strangely shaped body.
Your system is resistant to poisons. (rPois)


Message History

Trog accepts your kill.
You have reached level 7!
You start resting.
You feel a strong urge to attack something.
You start resting.
You feel your anger nearly subside.
You are no longer berserk.
You are exhausted.
You feel yourself slow down.
You start resting.
HP restored.
Really walk into a travel-excluded area? [Y]es or [N]o only, please.
Really walk into a travel-excluded area?
There is an open gate here.
Really walk into that cloud of freezing vapour?
Okay, then.
You are engulfed in freezing vapours.
Ouch! That really hurt!
You are engulfed in freezing vapours.
You die...

### ####### #.######
#§§.§§########
#..<...#####§§§§§#§§§§§§####
#.####....##§§.§§#§§§§§§#..#
#.# ####..#$$.§§§.#.#§§#..##
#.## #..©#©).§§§...©§§#©..#
#..#####...#($.§@§.#.#§§#...#
##.........#§§§§§#§§§§§§##..#
###........#§§§§§#§§§§§§##.##
###........#§§§§§#########.#
.##.##^.########### #.# #.#
..#....## #.# #.# ##.#
#....### ###.###.# #..#
#....##########.......# #.##
................#.##### #.#


There were no monsters in sight!

Vanquished Creatures
  2 ice beasts (D:4)
  A bullfrog (D:4)
  2 orc priests (D:3)
  An orc wizard (D:3)
  A bullfrog skeleton (D:4)
  A centaur skeleton (D:4)
  Jessica (D:3)
  6 adders
  A river rat (D:4)
  An ooze (D:2)
  3 worms
  A dart slug (D:1)
  2 leopard geckos
  12 orcs
  7 ball pythons
  7 giant cockroaches
  9 goblins
  6 hobgoblins
  4 jackals (D:3)
  4 kobolds
  2 quokkas
  4 bats
  3 frilled lizards
  7 rats
88 creatures vanquished.

Vanquished Creatures (others)
  The ghost of poirepourri the Sneak, an amateur SpEn (D:4)
1 creature vanquished.

Grand Total: 89 creatures vanquished

Notes
Turn   | Place    | Note
-------+----------+-------------------------------------------
     0 | D:1      | Lilu the Troll Monk began the quest for the Orb.
     0 | D:1      | Reached XP level 1. HP: 22/22 MP: 0/0
   213 | D:1      | Reached XP level 2. HP: 29/29 MP: 1/1
   955 | D:2      | Reached XP level 3. HP: 36/36 MP: 2/2
  1828 | D:3      | Reached skill level 4 in Unarmed Combat
  1828 | D:3      | Reached XP level 4. HP: 44/44 MP: 3/3
  1868 | D:3      | Found a faded altar of an unknown god.
  1919 | D:3      | Noticed Jessica
  1952 | D:3      | Killed Jessica
  1952 | D:3      | Reached XP level 5. HP: 52/52 MP: 4/4
  2018 | D:3      | Found a sparkling altar of Nemelex Xobeh.
  2438 | D:3      | Found a bloodstained altar of Trog.
  2439 | D:3      | Found a white marble altar of Elyvilon.
  2482 | D:3      | Became a worshipper of Trog the Wrathful
  2482 | D:3      | Reached * piety under Trog
  2482 | D:3      | Reached ** piety under Trog
  2612 | D:4      | Reached skill level 5 in Unarmed Combat
  2613 | D:4      | Killed poirepourri's ghost
  2627 | D:4      | Reached XP level 6. HP: 56/61 MP: 5/5
  2708 | D:4      | Found a transporter.
  2715 | D:4      | Noticed an ice beast
  2715 | D:4      | Noticed an ice beast
  2897 | D:4      | Found a transporter.
  2977 | D:4      | Found a glowing drain.
  3036 | D:4      | Gained mutation: You are clumsy. (Dex -2) [potion of mutation]
  3036 | D:4      | Gained mutation: Armour fits poorly on your strangely shaped body. [potion of mutation]
  3036 | D:4      | Gained mutation: Your system is resistant to poisons. (rPois) [potion of mutation]
  3272 | D:4      | Killed an ice beast
  3272 | D:4      | Reached skill level 6 in Unarmed Combat
  3275 | D:4      | Killed an ice beast
  3275 | D:4      | Reached XP level 7. HP: 67/67 MP: 6/6
  3288 | D:4      | Engulfed by a cloud of freezing vapour

Skill      XL: |  1  2  3  4  5  6 |
---------------+-------------------+-----
Unarmed Combat | 4 5 6 |  6.4
Dodging        | 3 |  3.6
Fighting       | 3 |  3.2
Stealth        | |  1.9

Action                   |  1- 3 |  4- 6 |  7- 9 || total
-------------------------+-------+-------+-------++-------
Melee: Unarmed           |    96 |   133 |       ||   229
       Punch             |     1 |     2 |       ||     3
Invok: Berserk           |       |     1 |       ||     1
  Use: Potion            |     1 |     6 |       ||     7
       Scroll            |     1 |     5 |       ||     6
 Stab: Sleeping          |     4 |     3 |       ||     7
       Distracted        |       |     1 |       ||     1
  Eat: Chunk             |    22 |    11 |       ||    33
Armor: Robe              |    29 |    31 |       ||    60
Dodge: Dodged            |    35 |    58 |       ||    93
